| TOP OF THE 1ST |
|
Nashville Sounds batting - Pitching for Tacoma Rainiers : RHP Justin Lee
|
|
Pitching: RHP Justin Lee
|
|
|
Batting: SHB Robert Santiago
|
0-0: Called Strike 0-1: Fly out, F7 (Flyball, 7LM, EV 87.5 MPH)
|
|
Batting: RHB Yonetoshi Muranaka
|
0-0: Called Strike 0-1: Ball 1-1: Ball 2-1: SINGLE (Line Drive, 56D, EV 108.8 MPH)
|
|
Batting: RHB Tim Cordle
|
0-0: Fly out, F8 (Flyball, 8RD, EV 98.1 MPH)
|
|
Batting: RHB David Herrera
|
0-0: Called Strike 0-1: Ball 1-1: Fly out, F5 (Line Drive, 5L, EV 66.9 MPH)
|
| Top of the 1st over - 0 runs, 1 hit, 0 errors, 1 left on base; Nashville 0 - Tacoma 0 |
| BOTTOM OF THE 1ST |
|
Tacoma Rainiers batting - Pitching for Nashville Sounds : LHP Kevin Clark
|
|
Pitching: LHP Kevin Clark
|
|
|
Batting: RHB Rick Ellis
|
0-0: Ball 1-0: Ball 2-0: Called Strike 2-1: Fly out, F9 (Flyball, 89S, EV 93.8 MPH)
|
|
Batting: RHB Josh Ruhl
|
0-0: Fly out, F8 (Line Drive, 8LD, EV 106.2 MPH)
|
|
Batting: RHB Zach Downs
|
0-0: Ball 1-0: Ball 2-0: Swinging Strike 2-1: Ball 3-1: Base on Balls
|
|
Batting: RHB Brad Robidas
|
0-0: Called Strike 0-1: Ball 1-1: Ground out 4-3 (Groundball, 34D, EV 85.6 MPH)
|
| Bottom of the 1st over - 0 runs, 0 hits, 0 errors, 1 left on base; Nashville 0 - Tacoma 0 |
| TOP OF THE 2ND |
|
Nashville Sounds batting - Pitching for Tacoma Rainiers : RHP Justin Lee
|
|
Batting: LHB Tomas Segarra
|
0-0: Ball 1-0: Ball 2-0: Ball 3-0: Base on Balls
|
|
Batting: RHB Wade Diamond
|
0-0: Ball 1-0: Called Strike 1-1: Ball 2-1: Swinging Strike 2-2: Strikes out swinging
|
|
Batting: SHB D.J. Codd
|
0-0: Foul Ball, location: 2F 0-1: DOUBLE (Flyball, 9LD, EV 89.4 MPH) Tomas Segarra to third Runner from 3rd tries for Home, SAFE, throw by RF to home
|
|
Batting: RHB Robby Godwin
|
0-0: Ball 1-0: Called Strike 1-1: Foul Ball, location: 2F 1-2: Ball 2-2: Fly out, F8 (Flyball, 8LXD, EV 81.9 MPH) Runner from 2nd tags up, SAFE at 3rd, no throw by CF
|
|
Batting: SHB Ryan Chicoine
|
0-0: Ball 1-0: Ball 2-0: Ball 3-0: Called Strike 3-1: SINGLE (Groundball, 25, EV 78.1 MPH) (infield hit) D.J. Codd scores
|
|
Batting: SHB Robert Santiago
|
0-0: Called Strike Ryan Chicoine steals 2nd, throwing error, E2 Ryan Chicoine to third 0-1: SINGLE (Flyball, 4D, EV 87.5 MPH) Ryan Chicoine scores
|
|
Batting: RHB Yonetoshi Muranaka
|
0-0: Called Strike Robert Santiago steals 2nd base 0-1: Ball 1-1: Ground out 6-3 (Groundball, 6S, EV 68.8 MPH)
|
| Top of the 2nd over - 3 runs, 3 hits, 1 error, 1 left on base; Nashville 3 - Tacoma 0 |
| BOTTOM OF THE 2ND |
|
Tacoma Rainiers batting - Pitching for Nashville Sounds : LHP Kevin Clark
|
|
Batting: RHB Chris Olheiser
|
0-0: Ball 1-0: Foul Ball, location: 2F 1-1: Ground out 6-3 (Groundball, 56, EV 78.8 MPH)
|
|
Batting: LHB Jawad Fahad
|
0-0: Ball 1-0: Called Strike 1-1: Swinging Strike 1-2: Foul Ball, location: 2F 1-2: Foul Ball, location: 2F 1-2: Foul Ball, location: 2F 1-2: Ball 2-2: Foul Ball, location: 2F 2-2: Ground out 4-3 (Groundball, 4, EV 81.9 MPH)
|
|
Batting: SHB Ray Skogen
|
0-0: Reached on error, E6 (Groundball, 6, EV 90.0 MPH)
|
|
Batting: RHB Steve Martin
|
0-0: Called Strike 0-1: Ball 1-1: Ground out 4-3 (Groundball, 4, EV 93.8 MPH)
|
| Bottom of the 2nd over - 0 runs, 0 hits, 1 error, 1 left on base; Nashville 3 - Tacoma 0 |
| TOP OF THE 3RD |
|
Nashville Sounds batting - Pitching for Tacoma Rainiers : RHP Justin Lee
|
|
Batting: RHB Tim Cordle
|
0-0: Ground out 3-1 (Groundball, 34S, EV 86.9 MPH)
|
|
Batting: RHB David Herrera
|
0-0: Fly out, F8 (Line Drive, 8LM, EV 89.4 MPH)
|
|
Batting: LHB Tomas Segarra
|
0-0: Ball 1-0: Ground out 4-3 (Groundball, 34, EV 86.2 MPH)
|
| Top of the 3rd over - 0 runs, 0 hits, 0 errors, 0 left on base; Nashville 3 - Tacoma 0 |
| BOTTOM OF THE 3RD |
|
Tacoma Rainiers batting - Pitching for Nashville Sounds : LHP Kevin Clark
|
|
Batting: LHB Josh Pittman
|
0-0: Swinging Strike 0-1: Ball 1-1: Ball 2-1: Swinging Strike 2-2: Strikes out swinging
|
|
Batting: RHB Rick Ellis
|
0-0: Ground out 6-3 (Groundball, 6, EV 88.8 MPH)
|
|
Batting: RHB Josh Ruhl
|
0-0: Ball 1-0: Ball 2-0: Foul Ball, location: 2F 2-1: SINGLE (Groundball, 6MS, EV 73.8 MPH) (infield hit)
|
|
Batting: RHB Zach Downs
|
0-0: Ball 1-0: Ball 2-0: Ball 3-0: Called Strike 3-1: Base on Balls Josh Ruhl to second
|
|
Batting: RHB Brad Robidas
|
0-0: Called Strike 0-1: Ball 1-1: Swinging Strike 1-2: Ball 2-2: Strikes out swinging
|
| Bottom of the 3rd over - 0 runs, 1 hit, 0 errors, 2 left on base; Nashville 3 - Tacoma 0 |
| TOP OF THE 4TH |
|
Nashville Sounds batting - Pitching for Tacoma Rainiers : RHP Justin Lee
|
|
Batting: RHB Wade Diamond
|
0-0: Ground out 6-3 (Groundball, 6, EV 92.5 MPH)
|
|
Batting: SHB D.J. Codd
|
0-0: Called Strike 0-1: Ball 1-1: Called Strike 1-2: Ground out 4-3 (Groundball, 4, EV 81.9 MPH)
|
|
Batting: RHB Robby Godwin
|
0-0: Called Strike 0-1: Ball 1-1: Ball 2-1: Ball 3-1: Base on Balls
|
|
Batting: SHB Ryan Chicoine
|
0-0: Foul Ball, location: 2F 0-1: Hit by Pitch Robby Godwin to second
|
|
Batting: SHB Robert Santiago
|
0-0: Ball 1-0: Ball 2-0: Called Strike 2-1: Foul Ball, location: 2F 2-2: Foul Ball, location: 2F 2-2: Strikes out swinging
|
| Top of the 4th over - 0 runs, 0 hits, 0 errors, 2 left on base; Nashville 3 - Tacoma 0 |
| BOTTOM OF THE 4TH |
|
Tacoma Rainiers batting - Pitching for Nashville Sounds : LHP Kevin Clark
|
|
Batting: RHB Chris Olheiser
|
0-0: Ball 1-0: SINGLE (Groundball, 56D, EV 97.5 MPH)
|
|
Batting: LHB Jawad Fahad
|
0-0: Grounds into double play, 4-6-3 (Groundball, 34, EV 91.9 MPH)
|
|
Batting: SHB Ray Skogen
|
0-0: Called Strike 0-1: Ball 1-1: Called Strike 1-2: Strikes out swinging
|
| Bottom of the 4th over - 0 runs, 1 hit, 0 errors, 0 left on base; Nashville 3 - Tacoma 0 |
| TOP OF THE 5TH |
|
Nashville Sounds batting - Pitching for Tacoma Rainiers : RHP Justin Lee
|
|
Batting: RHB Yonetoshi Muranaka
|
0-0: Ball 1-0: Ball 2-0: Called Strike 2-1: Fly out, F1 (Line Drive, P, EV 68.8 MPH)
|
|
Batting: RHB Tim Cordle
|
0-0: Called Strike 0-1: Hit by Pitch
|
|
Batting: RHB David Herrera
|
0-0: Foul Ball, location: 2F 0-1: Swinging Strike 0-2: Foul Ball, location: 2F 0-2: Grounds into double play, 5-4-3 (Groundball, 56S, EV 80.0 MPH)
|
| Top of the 5th over - 0 runs, 0 hits, 0 errors, 0 left on base; Nashville 3 - Tacoma 0 |
| BOTTOM OF THE 5TH |
|
Tacoma Rainiers batting - Pitching for Nashville Sounds : LHP Kevin Clark
|
|
Batting: RHB Steve Martin
|
0-0: Ground out U3 (Groundball, 3S, EV 74.4 MPH)
|
|
Batting: LHB Josh Pittman
|
0-0: Ball 1-0: Swinging Strike 1-1: Ball 2-1: Swinging Strike 2-2: Strikes out swinging
|
|
Batting: RHB Rick Ellis
|
0-0: Called Strike 0-1: Ball 1-1: Swinging Strike 1-2: Ground out 4-3 (Groundball, 4, EV 83.8 MPH)
|
| Bottom of the 5th over - 0 runs, 0 hits, 0 errors, 0 left on base; Nashville 3 - Tacoma 0 |
| TOP OF THE 6TH |
|
Nashville Sounds batting - Pitching for Tacoma Rainiers : RHP Justin Lee
|
|
Batting: LHB Tomas Segarra
|
0-0: Foul Ball, location: 2F 0-1: Called Strike 0-2: Reached on error, E9 (Flyball, 9LS, EV 92.5 MPH)
|
|
Batting: RHB Wade Diamond
|
0-0: Called Strike 0-1: Ball 1-1: Grounds into double play, 4-6-3 (Groundball, 4, EV 99.4 MPH)
|
|
Batting: SHB D.J. Codd
|
0-0: Ball 1-0: TRIPLE (Flyball, 9LD, EV 111.2 MPH)
|
|
Batting: RHB Robby Godwin
|
0-0: Ball 1-0: Called Strike 1-1: Called Strike 1-2: Ball 2-2: Foul Ball, location: 2F 2-2: Fly out, F5 (Popup, 5S, EV 73.1 MPH)
|
| Top of the 6th over - 0 runs, 1 hit, 1 error, 1 left on base; Nashville 3 - Tacoma 0 |
| BOTTOM OF THE 6TH |
|
Tacoma Rainiers batting - Pitching for Nashville Sounds : LHP Kevin Clark
|
|
Batting: RHB Josh Ruhl
|
0-0: Ball 1-0: Ball 2-0: Ball 3-0: Called Strike 3-1: Called Strike 3-2: Base on Balls
|
|
Batting: RHB Zach Downs
|
0-0: Fly out, F8 (Flyball, 8RXD, EV 95.0 MPH)
|
|
Batting: RHB Brad Robidas
|
0-0: Foul Ball, location: 2F 0-1: Called Strike 0-2: Ball 1-2: Fly out, F9 (Flyball, 9, EV 81.2 MPH)
|
|
Batting: RHB Chris Olheiser
|
0-0: Swinging Strike 0-1: Swinging Strike 0-2: Ball 1-2: Strikes out swinging
|
| Bottom of the 6th over - 0 runs, 0 hits, 0 errors, 1 left on base; Nashville 3 - Tacoma 0 |
| TOP OF THE 7TH |
|
Nashville Sounds batting - Pitching for Tacoma Rainiers : RHP Justin Lee
|
|
Batting: SHB Ryan Chicoine
|
0-0: Fly out, F9 (Line Drive, 9S, EV 107.5 MPH)
|
|
Batting: SHB Robert Santiago
|
0-0: Swinging Strike 0-1: Called Strike 0-2: Ball 1-2: Ball 2-2: Foul Ball, location: 2F 2-2: Strikes out swinging, 2-3 out at first.
|
|
Batting: RHB Yonetoshi Muranaka
|
0-0: Ball 1-0: Called Strike 1-1: Ball 2-1: Called Strike 2-2: Ball 3-2: Strikes out swinging
|
| Top of the 7th over - 0 runs, 0 hits, 0 errors, 0 left on base; Nashville 3 - Tacoma 0 |
| BOTTOM OF THE 7TH |
|
Tacoma Rainiers batting - Pitching for Nashville Sounds : LHP Kevin Clark
|
|
Batting: LHB Jawad Fahad
|
0-0: Called Strike 0-1: Ball 1-1: Foul Ball, location: 2F 1-2: Foul Ball, location: 2F 1-2: Ball 2-2: Foul Ball, location: 2F 2-2: Ground out 6-3 (Groundball, 6, EV 90.6 MPH)
|
|
Batting: SHB Ray Skogen
|
0-0: Ball 1-0: Swinging Strike 1-1: Called Strike 1-2: Ball 2-2: Strikes out swinging
|
|
Batting: RHB Steve Martin
|
0-0: Foul Ball, location: 2F 0-1: Ground out 4-3 (Groundball, 4S, EV 93.1 MPH)
|
| Bottom of the 7th over - 0 runs, 0 hits, 0 errors, 0 left on base; Nashville 3 - Tacoma 0 |
| TOP OF THE 8TH |
|
Nashville Sounds batting - Pitching for Tacoma Rainiers : RHP Justin Lee
|
|
Pitching: RHP Bob Gilliam
|
|
|
Batting: RHB Tim Cordle
|
0-0: Ball 1-0: Called Strike 1-1: Ground out 6-3 (Groundball, 6S, EV 69.4 MPH)
|
|
Batting: RHB David Herrera
|
0-0: Called Strike 0-1: Foul Ball, location: 2F 0-2: Strikes out swinging
|
|
Batting: LHB Tomas Segarra
|
0-0: Ball 1-0: Foul Ball, location: 2F 1-1: Foul Ball, location: 2F 1-2: Strikes out looking
|
| Top of the 8th over - 0 runs, 0 hits, 0 errors, 0 left on base; Nashville 3 - Tacoma 0 |
| BOTTOM OF THE 8TH |
|
Tacoma Rainiers batting - Pitching for Nashville Sounds : LHP Kevin Clark
|
|
Pitching: RHP John McAuley
|
|
|
Now at 1B: Zachary DeLuca
|
|
|
Now at 2B: Eduardo Chavez
|
|
|
Batting: LHB Josh Pittman
|
0-0: Called Strike 0-1: Called Strike 0-2: Ground out 5-3 (Groundball, 56S, EV 93.8 MPH)
|
|
Batting: RHB Rick Ellis
|
0-0: Ball 1-0: Ball 2-0: Ball 3-0: Ground out 5-3 (Groundball, 5, EV 82.5 MPH)
|
|
Batting: RHB Josh Ruhl
|
0-0: Foul Ball, location: 2F 0-1: Ball 1-1: Ground out 5-3 (Groundball, 56S, EV 87.5 MPH)
|
| Bottom of the 8th over - 0 runs, 0 hits, 0 errors, 0 left on base; Nashville 3 - Tacoma 0 |
| TOP OF THE 9TH |
|
Nashville Sounds batting - Pitching for Tacoma Rainiers : RHP Bob Gilliam
|
|
Batting: RHB Wade Diamond
|
0-0: Swinging Strike 0-1: Ball 1-1: Ball 2-1: Ball 3-1: Base on Balls
|
|
Batting: SHB D.J. Codd
|
0-0: Ball 1-0: Ball Wade Diamond steals 2nd base 2-0: Ground out 5-3 (Groundball, 56, EV 96.9 MPH)
|
|
Batting: RHB Robby Godwin
|
0-0: Ball 1-0: Ball 2-0: Fly out, F2 (Popup, 25F, EV 90.0 MPH)
|
|
Batting: SHB Ryan Chicoine
|
0-0: Called Strike 0-1: Fly out, F4 (Popup, 34S, EV 73.8 MPH)
|
| Top of the 9th over - 0 runs, 0 hits, 0 errors, 1 left on base; Nashville 3 - Tacoma 0 |
| BOTTOM OF THE 9TH |
|
Tacoma Rainiers batting - Pitching for Nashville Sounds : RHP John McAuley
|
|
Pitching: RHP Charlie Shook
|
|
|
Batting: RHB Zach Downs
|
0-0: Swinging Strike 0-1: Swinging Strike 0-2: Ball 1-2: Ball 2-2: Ball 3-2: Foul Ball, location: 2F 3-2: Foul Ball, location: 2F 3-2: Fly out, F6 (Line Drive, 6M, EV 73.8 MPH)
|
|
Batting: RHB Brad Robidas
|
0-0: Ball 1-0: Ball 2-0: Ball 3-0: Called Strike 3-1: Ground out 4-3 (Groundball, 4, EV 106.2 MPH)
|
|
Batting: RHB Chris Olheiser
|
0-0: Called Strike 0-1: Foul Ball, location: 2F 0-2: Ball 1-2: Ball 2-2: Strikes out looking
|
| Bottom of the 9th over - 0 runs, 0 hits, 0 errors, 0 left on base; Nashville 3 - Tacoma 0 |
|